 Dungeon Crawl Stone Soup version 0.28.0-53-g5a82cb258f (webtiles) character file.

Game seed: 15125075770214866664

821 handumf the Chopper (level 7, -8/57 HPs)
             Began as a Minotaur Berserker on Aug 20, 2022.
             Was a Priest of Trog.
             Mangled by a phantom (10 damage)
             ... on level 5 of the Dungeon on Aug 21, 2022.
             The game lasted 00:39:01 (4647 turns).

handumf the Chopper (Minotaur Berserker)            Turns: 4647, Time: 00:39:01

Health: -8/57      AC:  6    Str: 24    XL:     7   Next: 63%
Magic:  6/6        EV: 12    Int:  4    God:    Trog [***...]
Gold:   149        SH:  0    Dex:  9    Spells: 6/6 levels left

rFire   . . .      SeeInvis .   a - +0 hand axe
rCold   . . .      Faith    .   o - orb {mayhem}
rNeg    . . .      Spirit   .   i - +0 ring mail
rPois   .          Reflect  .   (helmet restricted)
rElec   .          Harm     .   (no cloak)
rCorr   +          Rampage  .   (no gloves)
Will    +....                   (no boots)
Stlth   ..........              (no amulet)
HPRegen 0.19/turn               h - ring of resist corrosion
MPRegen 0.10/turn               l - ring of willpower

@: studying Hexes
A: horns 2, retaliatory headbutt
a: Renounce Religion, Berserk, Trog's Hand


You were on level 5 of the Dungeon.
You worshipped Trog.
Trog was most pleased with you.
You visited 1 branch of the dungeon, and saw 5 of its levels.

You collected 149 gold pieces.

Inventory:

Hand Weapons
 a - a +0 hand axe (weapon)
Missiles
 g - 119 stones (quivered)
Armour
 i - a +0 ring mail (worn)
 o - an orb of mayhem (worn)
Jewellery
 h - a ring of resist corrosion (left hand)
 l - a ring of willpower (right hand)
 m - a ring of protection from cold
 p - a ring of fire
Scrolls
 b - a scroll of fog {unknown}
 e - a scroll of amnesia {unknown}
 k - a scroll of enchant armour {unknown}
 n - 2 scrolls of identify
 r - a scroll of teleportation
Potions
 c - a potion of flight
 f - a potion of attraction
 j - a potion of haste {unknown}
 q - a potion of mutation {unknown}
 s - a potion of lignification {unknown}
 t - 2 potions of degeneration {unknown}


   Skills:
 - Level 3.6 Fighting
 * Level 7.5 Axes
 * Level 6.0 Armour
 * Level 5.5 Dodging


You had 6 spell levels left.
You didn't know any spells.
Your spell library was empty.

Dungeon Overview and Level Annotations

Branches:
Dungeon (5/15)
 Temple: D:4-7

Altars:
Uskayaw
Vehumet


Innate Abilities, Weirdness & Mutations

You have a pair of horns on your head.
You reflexively headbutt those who attack you in melee.


Message History

The white imp is severely wounded.
You slash the gnoll! The white imp gestures at you. The puff of frost hits you.
You hit the white imp but do no damage.
The white imp is severely wounded.
You closely miss the gnoll. The gnoll barely misses you.
The white imp gestures at you. The puff of frost hits you.
You hit the white imp.
The white imp is almost dead.
You hit the gnoll but do no damage. The gnoll hits you with a +0 whip.
You closely miss the white imp. Your headbutt misses the white imp.
The white imp is almost dead.
You closely miss the gnoll. The white imp closely misses you.
The gnoll barely misses you. You furiously retaliate!
You headbutt the gnoll!
You kill the gnoll!
Trog accepts your kill.
You slash the white imp!
You kill the white imp!
Trog accepts your kill.
The phantom flies into a frenzy!
The phantom hits you.
* * * LOW HITPOINT WARNING * * *
The phantom blinks!
You blink.
You feel better. The phantom closely misses you.
The phantom hits you but does no damage.
You miss the phantom. The phantom hits you!
* * * LOW HITPOINT WARNING * * *
The phantom blinks!
You blink.
You slash the phantom!
The phantom is moderately damaged.
The phantom barely misses you. The phantom hits you!
* * * LOW HITPOINT WARNING * * *
You barely miss the phantom.
The phantom is moderately damaged.
The phantom misses you.
You hit the phantom but do no damage.
The phantom is moderately damaged.
The phantom hits you!
You die...

## .### ###...#.#
###W@.# .#
##...### .# #...##
.# ##.§.# .#
###...## .#######
#...#........#
####.#§##........
#.....§#.........
...####.#...!.....


You could see a neutral phantom (fast, strong, insane).

Vanquished Creatures
  Eustachio (D:4)
  A black bear (D:4)
  A phantom (D:5)
  A scorpion (D:4)
  A water moccasin zombie (D:5)
  A water moccasin skeleton (D:4)
  2 hounds
  4 hound skeletons (D:4)
  Robin (D:3)
  3 gnolls
  5 adders
  A river rat (D:4)
  A white imp (D:5)
  2 worms (D:4)
  2 dart slugs
  5 orcs
  11 ball pythons
  6 endoplasms
  6 giant cockroaches
  19 goblins
  13 hobgoblins
  2 jackals (D:3)
  4 quokkas
  5 bats
  2 frilled lizards (D:1)
  4 kobolds
  3 rats
107 creatures vanquished.

Vanquished Creatures (collateral kills)
  A centaur skeleton (D:4)
  A howler monkey skeleton (D:4)
  A giant cockroach (D:4)
  A goblin (D:4)
4 creatures vanquished.

Vanquished Creatures (others)
  A kobold (D:4)
  3 plants (D:1)
4 creatures vanquished.

Grand Total: 115 creatures vanquished

Notes
Turn   | Place    | Note
-------+----------+-------------------------------------------
     0 | D:1      | handumf the Minotaur Berserker began the quest for the Orb.
     0 | D:1      | Reached XP level 1. HP: 19/19 MP: 0/0
   140 | D:1      | Reached skill level 4 in Axes
   293 | D:1      | Reached XP level 2. HP: 24/26 MP: 1/1
   696 | D:1      | Found a faded altar of an unknown god.
   743 | D:1      | Reached skill level 5 in Axes
   947 | D:2      | Reached XP level 3. HP: 27/31 MP: 2/2
  1096 | D:2      | Reached ** piety under Trog
  1527 | D:2      | Reached XP level 4. HP: 30/39 MP: 3/3
  2258 | D:3      | Noticed Robin
  2274 | D:3      | Killed Robin
  2842 | D:4      | Reached XP level 5. HP: 42/45 MP: 4/4
  2970 | D:4      | Noticed a black bear
  2984 | D:4      | Killed a black bear
  2985 | D:4      | Reached skill level 6 in Axes
  3106 | D:4      | Noticed Eustachio
  3125 | D:4      | Killed Eustachio
  3126 | D:4      | Reached XP level 6. HP: 51/51 MP: 5/5
  3260 | D:4      | Reached skill level 5 in Armour
  3268 | D:4      | Reached *** piety under Trog
  3749 | D:4      | Reached XP level 7. HP: 41/57 MP: 6/6
  3931 | D:4      | Found a radiant altar of Vehumet.
  3948 | D:4      | Noticed a +0 dagger
  3949 | D:4      | Noticed a +0 dagger
  3949 | D:4      | Noticed a +0 short sword
  3953 | D:4      | Noticed a +0 short sword
  3953 | D:4      | Noticed a +0 spear
  3953 | D:4      | Noticed a +0 spear
  3954 | D:4      | Noticed a +0 falchion
  3959 | D:4      | Noticed a +0 falchion
  3969 | D:4      | Reached skill level 7 in Axes
  4202 | D:4      | Found a hide-covered altar of Uskayaw.
  4227 | D:4      | Reached skill level 5 in Dodging
  4365 | D:5      | Entered Level 5 of the Dungeon
  4645 | D:5      | HP: 2/57 [phantom (10)]
  4647 | D:5      | Mangled by a phantom

Illustrated notes

Levels and vault maps discovered:
D:1:      dpeg_arrival_more_subterranean_lakeside_camping, layout_rooms,
          dilly_ecumenical_altar_fadedgnrine
D:2:      layout_rooms, minmay_indecisive_spiral
D:3:      layout_rooms, serial_glass, glass_columns_a, glass_columns_a,
          uniq_robin
D:4:      layout_loops_ring, general_overflow_altar, nicolae_uskayaw_en_pointe,
          portal_sewer_entry_e, minmay_manual_mess, uniq_eustachio
D:5:      layout_rooms, mainiacjoe_overflow_alcove_4, serial_curves,
          eino_curves_02, eino_curves_03, minmay_misc_feat_iff

Skill      XL: |  1  2  3  4  5  6  7 |
---------------+----------------------+-----
Axes           | 4 5 6 7 |  7.5
Armour         | 3 4 5 6 |  6.0
Dodging        | 3 4 5 |  5.5
Fighting       | |  3.6

Action                   |  1- 3 |  4- 6 |  7- 9 || total
-------------------------+-------+-------+-------++-------
Melee: Hand axe          |    73 |   155 |    72 ||   300
       Headbutt          |     7 |    15 |    12 ||    34
Throw: Stone             |     1 |       |       ||     1
Invok: Berserk           |       |     2 |       ||     2
  Use: Scroll            |     5 |       |       ||     5
       Potion            |       |       |     5 ||     5
Armor: Animal skin       |     4 |       |       ||     4
       Ring mail         |    12 |    46 |    29 ||    87
Dodge: Dodged            |    52 |    88 |    59 ||   199
